 Dungeon Crawl Stone Soup version 0.31-a0-699-g830162fb6c (webtiles) character file.

Game seed: 12430264445550870841

93208 qw the Marksgargoyle (level 16, -18/109 HPs)
             Began as a Gargoyle Hunter on Sept 7, 2023.
             Was an Elder of Okawaru.
             Demolished by an orc warlord
             ... wielding a +0 bardiche
              (19 damage)
             ... on level 2 of the Orcish Mines.
             The game lasted 00:11:39 (18718 turns).

qw the Marksgargoyle (Gargoyle Hunter)             Turns: 18718, Time: 00:11:40

Health: -18/109    AC: 28    Str: 17    XL:     16   Next: 8%
Magic:  23/23      EV: 30    Int: 10    God:    Okawaru [****..]
Gold:   1787       SH:  5    Dex: 31    Spells: 15/15 levels left

rFire   + . .        q - +9 arbalest (elec)
rCold   + . .        (shield currently unavailable)
rNeg    + . .        v - +0 troll leather armour
rPois   inf          w - +0 hat of Precision Catastrophes {Regen+ Slay+2}
rElec   +            m - scarf {rC+ rF+}
rCorr   .            u - +2 pair of gloves
SInv    .            h - +2 pair of boots
Will    ++...        d - amulet of reflection
Stlth   ++++         p - ring of Jout {Will+ Dex+6}
HPRegen 1.98/turn    o - +6 ring of dexterity
MPRegen 0.18/turn

%: reflection
@: heroic, flying
A: sickness immunity, AC +12, big wings, negative energy resistance 1,
electricity resistance, torment resistance 1, petrification resistance,
iridescent scales 2
a: Renounce Religion, Heroism, Finesse


You were on level 2 of the Orcish Mines.
You worshipped Okawaru.
Okawaru was greatly pleased with you.
You visited 4 branches of the dungeon, and saw 23 of its levels.
You also visited: Gauntlet.

You collected 2389 gold pieces.
You spent 602 gold pieces at shops.


Innate Abilities, Weirdness & Mutations

You are immune to sickness and miasma.
Your stone body is resilient. (AC +12)
You are immune to poison.
Your large and strong wings let you fly.
You resist negative energy. (rN+)
You are resistant to electric shocks. (rElec)
You are resistant to unholy torment.
You are immune to petrification.
You are mostly covered in iridescent scales. (AC +4)


   Skills:
 - Level 15.7(20.7) Fighting
 - Level 18.0(23.0) Ranged Weapons
 - Level 9.1(14.1) Armour
 + Level 11.3(16.3) Dodging
 - Level 1.1(6.1) Stealth
 - Level 10.0 Invocations


You had 15 spell levels left.
You didn't know any spells.
Your spell library was empty.

Inventory:

Hand Weapons
 q - a +9 arbalest of electrocution (weapon)
Armour
 e - the +1 robe of Gunneut {rElec rC- Dex+4 Archmagi}
   (You found it on level 1 of the Orcish Mines)

   Dex+4:     It affects your dexterity (+4).
   rC-:       It makes you vulnerable to cold.
   rElec:     It insulates you from electricity.
   Archmagi:  It increases the power of your magical spells.
 h - a +2 pair of boots (worn)
 k - the +3 cloak of Peufoghu {Int+4}
   (You found it on level 3 of the Dungeon)

   Int+4:     It affects your intelligence (+4).
 m - a scarf of resistance (worn)
 u - a +2 pair of gloves (worn)
 v - a +0 troll leather armour (worn)
 w - the +0 hat of Precision Catastrophes (worn) {Regen+ Slay+2}
   (You found it in a Gauntlet)

   Slay+2:    It affects your accuracy & damage with ranged weapons and melee
   (+2).
   Regen+:    It increases your rate of health regeneration.
 y - a +2 ring mail of fire resistance
Jewellery
 d - an amulet of reflection (around neck)
 o - a +6 ring of dexterity (right hand)
 p - the ring of Jout (left hand) {Will+ Dex+6}
   (You found it on level 9 of the Dungeon)

   [ring of dexterity]

   Dex+6:     It affects your dexterity (+6).
   Will+:     It increases your willpower.
Wands
 t - a wand of digging (15)
Scrolls
 a - 4 scrolls of identify
 b - 3 scrolls of teleportation
 f - 2 scrolls of enchant weapon
Potions
 c - 5 potions of heal wounds
 g - 4 potions of mutation
 i - 8 potions of curing
 j - 7 potions of might
 l - a potion of resistance
 n - 4 potions of haste
 r - 4 potions of cancellation
 s - 2 potions of enlightenment

Dungeon Overview and Level Annotations

Branches:
Dungeon (15/15)            Temple (1/1) D:5            Lair (5/5) D:9
 Shoals (0/4) Lair:3       Spider (0/4) Lair:2        Slime (0/5) Lair:4
    Orc (2/2) D:10         Vaults (0/5) D:13         Depths (0/4) D:15
Gauntlet (visited)
    Elf: Orc:2

Altars:
Ashenzari
Cheibriados
Dithmenos
Elyvilon
Fedhas
Gozag
Hepliaklqana
Kikubaaqudgha
Makhleb
Nemelex Xobeh
Okawaru
Qazlal
Ru
Sif Muna
Trog
Uskayaw
Vehumet
Wu Jian
Xom
Yredelemnul
Zin
The Shining One
Jiyva

Shops:
D:4 *   D:6 *   D:15 [   Orc:1 =   Orc:2 =!

Portals:
Hell: Lair:5
Ice
Cave: Orc:1

Annotations:
D:2 1 runed translucent door, Crazy Yiuf
D:4 exclusion: 2 jackals
D:14 1 runed translucent door, qw's ghost, journeyman GrHu
Lair:1 3 runed translucent doors, qw's ghost, journeyman MiHs


Message History

Okawaru accepts your kill.
The hellwing disappears in a puff of smoke!
The orc warrior no longer looks unusually strong.
The orc no longer looks unusually strong.
The orc priest no longer looks unusually strong.
You block the orc warlord's attack.
You shoot a bolt. The bolt hits the orc knight!
The orc knight is lightly wounded.
The orc knight roars a battlecry!
The orcs go into a battle-frenzy!
You block the orc warlord's attack. The orc warrior misses you.
The ogre completely misses you.
You shoot a bolt. The bolt hits the orc knight!!
The orc knight is heavily wounded.
The orc warlord hits you from afar with a +0 bardiche!
You block the orc knight's attack. The ogre misses you.
You shoot a bolt. The bolt barely misses the orc knight.
The bolt barely misses the orc warrior.
The bolt hits the orc warrior!!!
Lightning courses through the orc warrior!
You kill the orc warrior!
Okawaru accepts your kill. The orc warrior closely misses you.
The orc warlord hits you but does no damage.
You block the orc knight's attack.
You shoot a bolt. The bolt hits the orc knight!!!
You kill the orc knight!
Okawaru accepts your kill. The ogre completely misses you.
The orc warlord completely misses you.
You shoot a bolt. The bolt hits the orc warrior!
The orc warrior is moderately wounded.
The orc warrior completely misses you. The orc warrior barely misses you.
The orc warlord barely misses you. You block the ogre's attack.
You shoot a bolt. The bolt hits the orc warrior!!!
You kill the orc warrior!
Okawaru accepts your kill.
The orc warlord hits you from afar with a +0 bardiche!!!
The orc warrior completely misses you.
The orc warrior hits you but does no damage.
The orc warlord hits you from afar with a +0 bardiche!!
You die...

... ...... .P..\.
......
..o\....P...######
.....8.....$.{oO@#
....o....#...oToo#
.P......####.$ooo#o..
........###...oo3o..#
....P.#.#..)....o.....
#........[).........##
........#.#......#.##
#........#.......###
###..<.......#..##


You could see an orc warlord (strong), a soul eater (summoned), a troll, 6 orc
warriors, an ogre, an orc priest (strong) and 3 orcs.

Vanquished Creatures
  Jorgrun (Orc:1)
  Roxanne (D:14)
  Louise (D:15)
  An ironbound preserver (D:13)
  2 orc warlords (Orc:1)
  A quicksilver ooze (Gauntlet)
  A dire elephant (Lair:5)
  A minotaur (Gauntlet)
  Snorg (D:10)
  5 hydras
  A death knight (D:13)
  A sphinx zombie (D:15)
  A catoblepas (Lair:5)
  6 centaur warriors
  2 death scarabs (Gauntlet)
  A boulder beetle (Lair:5)
  7 two-headed ogres
  2 orc high priests (Orc:2)
  A sun demon (Lair:5)
  A skyshark (Lair:2)
  7 skeletal warriors
  A spectral death yak (Gauntlet)
  A fire crab (Lair:5)
  A flayed ghost (D:15)
  7 orc knights
  A wizard (Lair:5)
  Pikel (D:7)
  A necromancer (D:15)
  7 orc sorcerers
  17 ugly things
  A stone giant zombie (D:15)
  A frost giant zombie (D:15)
  5 cyclopes
  2 manticores
  A merfolk siren (Lair:3)
  11 elephants
  A smoke demon (Lair:5)
  A torpor snail (Lair:2)
  An orange demon (Lair:5)
  2 black mambas (Lair:4)
  7 cane toads
  7 rime drakes
  A gargoyle (D:13)
  9 komodo dragons
  A freezing wraith (D:14)
  An unseen horror (D:11)
  3 ice devils (Lair:5)
  A red devil (Lair:5)
  12 trolls
  5 polar bears
  4 dream sheep (Lair:2)
  Prince Ribbit (D:5)
  9 blink frogs (Lair:5)
  A spectral black mamba (Gauntlet)
  3 slime creatures
  A spriggan zombie (D:15)
  A culicivora (shapeshifter) (D:15)
  5 shadows
  2 wraiths (D:13)
  A ynoxinul (Gauntlet)
  4 water elementals (D:15)
  4 wyverns
  6 basilisks
  37 yaks
  2 steam dragons (D:8)
  Grum (D:8)
  10 vampire mosquitoes
  A spectral cane toad (Gauntlet)
  5 wargs
  An acid dragon (D:10)
  14 water moccasins
  4 hell hounds (Lair:5)
  2 sky beasts
  7 ice beasts
  34 orc warriors
  8 ogres
  26 wolves
  12 centaurs
  A lemure (D:7)
  A kobold brigand (D:9)
  10 bullfrogs
  8 scorpions
  3 gnoll sergeants
  5 wights (D:8)
  14 killer bees
  2 howler monkeys (D:7)
  3 electric eels (D:15)
  2 jellies
  2 gnoll boudas
  13 orc priests
  4 hounds
  3 iron imps (Gauntlet)
  An iguana (D:4)
  25 orc wizards
  Robin (D:2)
  30 gnolls
  3 adders
  13 white imps
  7 worms
  2 dart slugs
  81 orcs
  7 bats
  12 endoplasms
  6 giant cockroaches
  17 goblins
  9 hobgoblins
  22 jackals
  6 quokkas
  4 ball pythons
  6 frilled lizards
  4 kobolds
  7 rats
  A butterfly (Lair:4)
696 creatures vanquished.

Vanquished Creatures (others)
  An orc warrior (Orc:1)
  3 orc wizards
  2 orcs
6 creatures vanquished.

Grand Total: 702 creatures vanquished

Notes
Turn   | Place    | Note
-------+----------+-------------------------------------------
     0 | D:1      | qw the Gargoyle Hunter began the quest for the Orb.
     0 | D:1      | Reached XP level 1. HP: 12/12 MP: 1/1
     0 | D:1      | 0 ||| qw: Version: 0.3-a-76-g4403597
     0 | D:1      | 0 ||| qw: Game counter: 429
     0 | D:1      | 0 ||| qw: Melee chars always use a shield: true
     0 | D:1      | 0 ||| qw: God list: Okawaru
     0 | D:1      | 0 ||| qw: Allow faded altars: false
     0 | D:1      | 0 ||| qw: Do Orc after clearing Dungeon:15 true
     0 | D:1      | 0 ||| qw: Do second Lair branch before Depths: true
     0 | D:1      | 0 ||| qw: Lair rune preference: random
     0 | D:1      | 0 ||| qw: Goals: Normal
     0 | D:1      | 0 ||| PLANNING D:1-11
   124 | D:1      | Reached XP level 2. HP: 17/17 MP: 2/2
   493 | D:1      | Reached XP level 3. HP: 21/21 MP: 3/3
   499 | D:1      | 499 ||| UPGRADING to +0 ring mail.
   509 | D:1      | 509 ||| DROPPING +0 leather armour.
   510 | D:1      | 510 ||| UPGRADING to +2 pair of boots.
   515 | D:1      | 515 ||| UPGRADING to amulet of reflection.
   520 | D:1      | 520 ||| READING 2 scrolls labelled YRPHEE RESTINT.
   521 | D:1      | 521 ||| DROPPING scroll of butterflies.
   600 | D:2      | Noticed Robin
   605 | D:2      | Reached skill level 1 in Armour
   608 | D:2      | Killed Robin
   609 | D:2      | Reached skill level 5 in Ranged Weapons
   611 | D:2      | 611 ||| FLEEEEING.
   612 | D:2      | 612 ||| FLEEEEING.
   613 | D:2      | 613 ||| FLEEEEING.
   614 | D:2      | 614 ||| FLEEEEING.
   615 | D:2      | 615 ||| FLEEEEING.
   616 | D:2      | 616 ||| FLEEEEING.
   617 | D:2      | 617 ||| FLEEEEING.
   618 | D:2      | 618 ||| FLEEEEING.
   619 | D:2      | 619 ||| FLEEEEING.
   620 | D:2      | 620 ||| FLEEEEING.
   621 | D:2      | 621 ||| FLEEEEING.
   622 | D:2      | 622 ||| FLEEEEING.
   623 | D:2      | 623 ||| FLEEEEING.
   624 | D:2      | 624 ||| FLEEEEING.
   625 | D:2      | 625 ||| FLEEEEING.
   626 | D:2      | 626 ||| FLEEEEING.
   627 | D:2      | 627 ||| FLEEEEING.
   628 | D:2      | 628 ||| FLEEEEING.
   629 | D:2      | 629 ||| FLEEEEING.
   630 | D:2      | 630 ||| FLEEEEING.
   631 | D:2      | 631 ||| FLEEEEING.
   632 | D:2      | 632 ||| FLEEEEING.
   633 | D:2      | 633 ||| FLEEEEING.
   634 | D:2      | 634 ||| FLEEEEING.
   635 | D:2      | 635 ||| FLEEEEING.
   636 | D:2      | 636 ||| FLEEEEING.
   637 | D:2      | 637 ||| FLEEEEING.
   638 | D:2      | 638 ||| FLEEEEING.
   639 | D:2      | 639 ||| FLEEEEING.
   700 | D:2      | Reached XP level 4. HP: 27/27 MP: 4/4
   840 | D:2      | Reached skill level 3 in Fighting
   988 | D:2      | Found a runed translucent door.
   989 | D:2      | Noticed Crazy Yiuf
  1352 | D:2      | 1352 ||| UPGRADING to +0 helmet.
  1357 | D:2      | 1357 ||| READING 2 scrolls labelled LES WA YVI.
  1358 | D:2      | 1358 ||| READING scroll of enchant weapon.
  1358 | D:2      | 1358 ||| ENCHANTING +1 shortbow.
  1359 | D:2      | 1359 ||| READING 2 scrolls labelled OVAAZX TI WIFA.
  1360 | D:2      | 1360 ||| READING scroll labelled KYTOENNYMY.
  1416 | D:2      | 1416 ||| READING scroll labelled USOENEOVVA.
  1417 | D:2      | 1417 ||| READING scroll labelled OGOIRO ECOEKU.
  1418 | D:2      | 1418 ||| DRINKING 2 yellow potions.
  1419 | D:2      | 1419 ||| DRINKING 2 bubbling coppery potions.
  1420 | D:2      | 1420 ||| DROPPING scroll of vulnerability.
  1421 | D:2      | 1421 ||| DROPPING potion of invisibility.
  1561 | D:3      | Found a snail-covered altar of Cheibriados.
  1746 | D:3      | Identified the +3 cloak of Peufoghu {Int+4}
  1823 | D:3      | Reached XP level 5. HP: 31/32 MP: 5/5
  2216 | D:3      | 2216 ||| UPGRADING to +3 cloak of Peufoghu {Int+4}.
  2221 | D:3      | 2221 ||| READING scroll labelled QUMYSA LYECHI.
  2222 | D:3      | 2222 ||| READING scroll labelled TAAVIOHAXI.
  2323 | D:3      | 2323 ||| READING scroll labelled ZIL XUSOG JUEL.
  2324 | D:3      | 2324 ||| DRINKING 2 smoky pink potions.
  2324 | D:3      | Gained mutation: You are partially covered in iridescent
                  | scales. (AC +2) [potion of mutation]
  2324 | D:3      | Gained mutation: You are mostly covered in iridescent
                  | scales. (AC +4) [potion of mutation]
  2325 | D:3      | 2325 ||| DRINKING 2 bubbling purple potions.
  2326 | D:3      | 2326 ||| READING 3 scrolls of identify.
  2326 | D:3      | 2326 ||| IDENTIFYING bubbling sapphire potion
  2327 | D:3      | 2327 ||| READING 2 scrolls of identify.
  2327 | D:3      | 2327 ||| IDENTIFYING murky clear potion
  2328 | D:3      | 2328 ||| DROPPING potion of degeneration.
  2329 | D:3      | 2329 ||| DROPPING potion of brilliance.
  2558 | D:4      | Found a glowing golden altar of the Shining One.
  2558 | D:4      | Found a shimmering altar of Xom.
  2566 | D:4      | Found a bloodstained altar of Trog.
  2568 | D:4      | Found a faded altar of an unknown god.
  2570 | D:4      | Found a stormy altar of Qazlal.
  2605 | D:4      | Reached skill level 6 in Ranged Weapons
  2647 | D:4      | 2647 ||| Stepping ~*~*~tactically~*~*~ (outnumbered).
  2649 | D:4      | 2649 ||| Stepping ~*~*~tactically~*~*~ (outnumbered).
  2650 | D:4      | 2650 ||| Stepping ~*~*~tactically~*~*~ (outnumbered).
  2664 | D:4      | HP: 3/32 [orc priest/divine providence (15)]
  2665 | D:4      | 2665 ||| READING scroll of teleportation.
  2828 | D:4      | Found Axtoucrebur's Overcharged Wands.
  2837 | D:4      | 2837 ||| SHOPLISTING wand of digging (11) (693 gold, have
                  | 181).
  2888 | D:4      | Reached XP level 6. HP: 29/38 MP: 6/6
  3116 | D:4      | 3116 ||| DRINKING 2 fuming silvery potions.
  3116 | D:4      | Reached skill level 13 in Ranged Weapons
  3116 | D:4      | Reached XP level 7. HP: 43/43 MP: 7/7
  3117 | D:4      | 3117 ||| DRINKING potion of experience.
  3117 | D:4      | Reached XP level 8. HP: 60/60 MP: 8/8
  3122 | D:4      | 3122 ||| Stepping ~*~*~tactically~*~*~ (water).
  3220 | D:4      | 3220 ||| RETREATING.
  3231 | D:4      | 3231 ||| Stepping ~*~*~tactically~*~*~ (retreating).
  3401 | D:4      | 3401 ||| Stepping ~*~*~tactically~*~*~ (water).
  3439 | D:4      | 3439 ||| Stepping ~*~*~tactically~*~*~ (water).
  3595 | D:4      | 3595 ||| READING 2 scrolls of identify.
  3595 | D:4      | 3595 ||| IDENTIFYING emerald potion
  3596 | D:4      | 3596 ||| DROPPING potion of attraction.
  3631 | D:5      | Entered Level 5 of the Dungeon
  3639 | D:5      | Found a staircase to the Ecumenical Temple.
  3640 | D:5      | 3640 ||| PLANNING TEMPLE
  3659 | D:5      | Reached skill level 3 in Armour
  3667 | Temple   | Entered the Ecumenical Temple
  3668 | Temple   | 3668 ||| PLANNING OKAWARU WORSHIP
  3672 | Temple   | Became a worshipper of Warmaster Okawaru
  3673 | Temple   | 3673 ||| PLANNING D:1-11
  3707 | D:5      | Found an ornate altar of the Wu Jian Council.
  3760 | D:5      | Found a shadowy altar of Dithmenos.
  3916 | D:5      | 3916 ||| READING scroll of enchant weapon.
  3916 | D:5      | 3916 ||| ENCHANTING +2 shortbow.
  3961 | D:5      | Noticed Prince Ribbit
  3969 | D:5      | Killed Prince Ribbit
  3970 | D:5      | Reached XP level 9. HP: 64/64 MP: 9/9
  4019 | D:5      | Found a hide-covered altar of Uskayaw.
  4336 | D:5      | 4336 ||| DROPPING +6 ring of intelligence.
  4337 | D:5      | 4337 ||| READING scroll labelled ILUSEE IXEBLO.
  4360 | D:6      | 4360 ||| STAIRDANCE
  4367 | D:6      | 4367 ||| STAIRDANCE
  4372 | D:6      | 4372 ||| STAIRDANCE
  4374 | D:5      | 4374 ||| DRINKING 3 potions of curing.
  4374 | D:5      | 4374 ||| (to cure confusion)
  4389 | D:6      | Reached * piety under Okawaru
  4407 | D:6      | Found a radiant altar of Vehumet.
  4480 | D:6      | 4480 ||| INVOKING Heroism.
  4530 | D:6      | Reached skill level 1 in Invocations
  4877 | D:6      | Found an opulent altar of Gozag.
  4877 | D:6      | Found Gozag's Platinum Reserve.
  4891 | D:6      | 4891 ||| SHOPLISTING +0 ring mail "Uluar" {Regen+ Dex+2}
                  | (1520 gold, have 453).
  4891 | D:6      | 4891 ||| SHOPLISTING +0 robe "Muudel" {Dex+5} (1820 gold,
                  | have 453).
  4891 | D:6      | 4891 ||| SHOPLISTING ring "Ryven" {rF- AC+4 Dex+3} (4230
                  | gold, have 453).
  4891 | D:6      | 4891 ||| READING scroll labelled LUITAWN IWEPNA.
  4932 | D:6      | 4932 ||| READING scroll labelled FOAWUE SILED.
  4933 | D:6      | 4933 ||| DRINKING 3 silvery potions.
  4963 | D:7      | Noticed a troll
  4964 | D:7      | 4964 ||| STAIRDANCE
  4971 | D:7      | 4971 ||| INVOKING Heroism.
  4976 | D:7      | Killed a troll
  4977 | D:7      | Reached skill level 3 in Dodging
  4977 | D:7      | 4977 ||| STAIRDANCE
  5302 | D:7      | Found a flagged portal.
  5535 | D:7      | Noticed Pikel
  5535 | D:7      | 5535 ||| INVOKING Heroism.
  5551 | D:7      | 5551 ||| INVOKING Heroism.
  5554 | D:7      | Killed Pikel
  5555 | D:7      | Reached skill level 3 in Invocations
  5555 | D:7      | Reached XP level 10. HP: 61/69 MP: 8/12
  5732 | D:7      | 5732 ||| UPGRADING to +0 acid dragon scales.
  5742 | D:7      | 5742 ||| DROPPING +0 ring mail.
  5743 | D:7      | 5743 ||| READING 4 scrolls of identify.
  5743 | D:7      | 5743 ||| IDENTIFYING inky potion
  5744 | D:7      | 5744 ||| DROPPING potion of berserk rage.
  5762 | D:8      | Noticed Grum
  5762 | D:8      | 5762 ||| INVOKING Heroism.
  5764 | D:8      | 5764 ||| Stepping ~*~*~tactically~*~*~ (retreating).
  5765 | D:8      | 5765 ||| Stepping ~*~*~tactically~*~*~ (retreating).
  5766 | D:8      | 5766 ||| Stepping ~*~*~tactically~*~*~ (retreating).
  5768 | D:8      | 5768 ||| Stepping ~*~*~tactically~*~*~ (retreating).
  5777 | D:8      | 5777 ||| INVOKING Heroism.
  5793 | D:8      | 5793 ||| INVOKING Heroism.
  5799 | D:8      | Killed Grum
  5878 | D:8      | 5878 ||| INVOKING Heroism.
  5940 | D:8      | 5940 ||| INVOKING Heroism.
  5963 | D:8      | 5963 ||| SWAPPING to +2 orcbow of freezing.
  5964 | D:8      | 5964 ||| DROPPING +3 shortbow.
  5980 | D:8      | 5980 ||| RETREATING.
  6224 | D:8      | Found a broken altar of Ashenzari.
  6310 | D:8      | Found a white marble altar of Elyvilon.
  6410 | D:8      | 6410 ||| INVOKING Heroism.
  6428 | D:8      | Found a hazy altar of Hepliaklqana.
  6429 | D:8      | 6429 ||| READING 3 scrolls of identify.
  6429 | D:8      | 6429 ||| IDENTIFYING bubbling blue potion
  6430 | D:8      | 6430 ||| READING 2 scrolls of identify.
  6430 | D:8      | 6430 ||| IDENTIFYING cyan potion
  6431 | D:8      | 6431 ||| DROPPING potion of lignification.
  6458 | D:9      | 6458 ||| INVOKING Heroism.
  6461 | D:9      | 6461 ||| RETREATING.
  6468 | D:9      | 6468 ||| STAIRDANCE
  6477 | D:9      | 6477 ||| STAIRDANCE
  6483 | D:8      | Reached skill level 14 in Ranged Weapons
  6556 | D:9      | 6556 ||| STAIRDANCE
  6582 | D:9      | 6582 ||| STAIRDANCE
  6584 | D:8      | 6584 ||| INVOKING Heroism.
  6655 | D:9      | 6655 ||| Stepping ~*~*~tactically~*~*~ (outnumbered).
  6659 | D:9      | 6659 ||| Stepping ~*~*~tactically~*~*~ (outnumbered).
  6662 | D:9      | 6662 ||| INVOKING Heroism.
  6676 | D:9      | 6676 ||| DRINKING 3 potions of curing.
  6676 | D:9      | 6676 ||| (to cure confusion)
  6683 | D:9      | Reached skill level 6 in Armour
  6716 | D:9      | Reached ** piety under Okawaru
  6718 | D:9      | 6718 ||| INVOKING Heroism.
  6740 | D:9      | Reached XP level 11. HP: 68/74 MP: 14/14
  6754 | D:9      | 6754 ||| INVOKING Heroism.
  6794 | D:9      | Found a staircase to the Lair.
  6839 | D:9      | Identified the ring of Jout {Will+ Dex+6}
  7003 | D:9      | 7003 ||| INVOKING Heroism.
  7034 | D:9      | 7034 ||| UPGRADING to +0 pair of gloves.
  7039 | D:9      | 7039 ||| UPGRADING to ring of Jout {Will+ Dex+6}.
  7056 | D:8      | 7056 ||| PLANNING LAIR
  7110 | Lair:1   | Entered Level 1 of the Lair of Beasts
  7147 | Lair:1   | 7147 ||| INVOKING Heroism.
  7164 | Lair:1   | Found a runed translucent gate.
  7164 | Lair:1   | Found a runed translucent gate.
  7164 | Lair:1   | Found a runed translucent gate.
  7457 | Lair:1   | Noticed a spectral death yak
  7589 | Lair:1   | Noticed qw's ghost (journeyman MiHs)
  7745 | Lair:1   | 7745 ||| READING scroll labelled AHYOLO BULEHUD.
  7746 | Lair:1   | 7746 ||| READING scroll labelled WUGATU WOICUR.
  7746 | Lair:1   | Identified a scroll of acquirement
  7746 | Lair:1   | 7746 ||| ACQUIRING +8 antimagic arbalest
  7746 | Lair:1   | Acquired a +8 antimagic arbalest
  7748 | Lair:1   | 7748 ||| READING 2 scrolls of identify.
  7748 | Lair:1   | 7748 ||| IDENTIFYING bubbling amethyst potion
  7896 | Lair:2   | 7896 ||| RETREATING.
  7917 | Lair:2   | 7917 ||| INVOKING Heroism.
  8003 | Lair:2   | Reached *** piety under Okawaru
  8010 | Lair:2   | 8010 ||| INVOKING Heroism.
  8013 | Lair:2   | Reached skill level 15 in Ranged Weapons
  8054 | Lair:2   | Found a hole to the Spider Nest.
  8056 | Lair:2   | 8056 ||| FLEEEEING.
  8059 | Lair:2   | 8059 ||| FLEEEEING.
  8060 | Lair:2   | 8060 ||| INVOKING Heroism.
  8103 | Lair:2   | 8103 ||| READING scroll of enchant weapon.
  8103 | Lair:2   | 8103 ||| ENCHANTING +2 orcbow of freezing.
  8397 | Lair:2   | Noticed a skyshark
  8399 | Lair:2   | 8399 ||| RETREATING.
  8411 | Lair:2   | Killed a skyshark
  8781 | Lair:3   | Reached **** piety under Okawaru
  8782 | Lair:3   | Reached skill level 6 in Dodging
  8794 | Lair:3   | 8794 ||| INVOKING Heroism.
  8817 | Lair:3   | 8817 ||| INVOKING Heroism.
  8839 | Lair:3   | HP: 16/74 [rime drake/icy flash freeze (16)]
  8840 | Lair:3   | 8840 ||| READING 3 scrolls of teleportation.
  8841 | Lair:3   | 8841 ||| DRINKING 2 potions of heal wounds.
  8843 | Lair:3   | 8843 ||| DRINKING potion of heal wounds.
  8843 | Lair:3   | Found a staircase to the Shoals.
  8953 | Lair:3   | 8953 ||| Stepping ~*~*~tactically~*~*~ (water).
  8957 | Lair:3   | Reached XP level 12. HP: 80/80 MP: 15/15
  9013 | Lair:3   | 9013 ||| INVOKING Heroism.
  9056 | Lair:3   | Reached skill level 6 in Invocations
  9059 | Lair:3   | 9059 ||| INVOKING Heroism.
  9239 | Lair:3   | 9239 ||| INVOKING Heroism.
  9263 | Lair:3   | Noticed a six-headed hydra
  9268 | Lair:3   | 9268 ||| INVOKING Heroism.
  9282 | Lair:3   | Killed a six-headed hydra
  9478 | Lair:3   | 9478 ||| UPGRADING to +6 ring of strength.
  9488 | Lair:4   | 9488 ||| STAIRDANCE
  9511 | Lair:4   | 9511 ||| STAIRDANCE
  9537 | Lair:4   | Found a staircase to the Slime Pits.
  9572 | Lair:4   | 9572 ||| INVOKING Heroism.
  9621 | Lair:4   | 9621 ||| INVOKING Heroism.
  9690 | Lair:4   | Noticed an eight-headed hydra
  9691 | Lair:4   | 9691 ||| RETREATING.
  9693 | Lair:4   | 9693 ||| INVOKING Heroism.
  9698 | Lair:4   | 9698 ||| Stepping ~*~*~tactically~*~*~ (retreating).
  9700 | Lair:4   | 9700 ||| Stepping ~*~*~tactically~*~*~ (retreating).
  9701 | Lair:4   | 9701 ||| Stepping ~*~*~tactically~*~*~ (retreating).
  9703 | Lair:4   | Killed an eight-headed hydra
  9812 | Lair:4   | 9812 ||| FLEEEEING.
  9814 | Lair:4   | 9814 ||| FLEEEEING.
  9815 | Lair:4   | 9815 ||| FLEEEEING.
  9816 | Lair:4   | 9816 ||| FLEEEEING.
  9817 | Lair:4   | 9817 ||| FLEEEEING.
  9838 | Lair:4   | Reached ***** piety under Okawaru
  9848 | Lair:4   | Found a viscous altar of Jiyva.
  9966 | Lair:4   | 9966 ||| RETREATING.
  9969 | Lair:4   | 9969 ||| Stepping ~*~*~tactically~*~*~ (retreating).
  9974 | Lair:4   | 9974 ||| Stepping ~*~*~tactically~*~*~ (retreating).
  9975 | Lair:4   | 9975 ||| Stepping ~*~*~tactically~*~*~ (retreating).
  9976 | Lair:4   | 9976 ||| Stepping ~*~*~tactically~*~*~ (retreating).
  9977 | Lair:4   | 9977 ||| Stepping ~*~*~tactically~*~*~ (retreating).
  9978 | Lair:4   | 9978 ||| Stepping ~*~*~tactically~*~*~ (retreating).
  9979 | Lair:4   | 9979 ||| Stepping ~*~*~tactically~*~*~ (retreating).
  9980 | Lair:4   | 9980 ||| Stepping ~*~*~tactically~*~*~ (retreating).
  9995 | Lair:4   | Reached skill level 16 in Ranged Weapons
 10283 | Lair:4   | 10283 ||| READING scroll labelled MOJUXO HUTUESS.
 10326 | Lair:5   | Entered Level 5 of the Lair of Beasts
 10327 | Lair:5   | 10327 ||| STAIRDANCE
 10336 | Lair:5   | 10336 ||| STAIRDANCE
 10351 | Lair:4   | 10351 ||| INVOKING Heroism.
 10506 | Lair:5   | 10506 ||| STAIRDANCE
 10515 | Lair:4   | 10515 ||| Stepping ~*~*~tactically~*~*~ (retreating).
 10516 | Lair:4   | 10516 ||| Stepping ~*~*~tactically~*~*~ (retreating).
 10520 | Lair:4   | 10520 ||| Stepping ~*~*~tactically~*~*~ (retreating).
 10521 | Lair:4   | 10521 ||| Stepping ~*~*~tactically~*~*~ (retreating).
 10522 | Lair:4   | 10522 ||| Stepping ~*~*~tactically~*~*~ (retreating).
 10523 | Lair:4   | 10523 ||| Stepping ~*~*~tactically~*~*~ (retreating).
 10524 | Lair:4   | 10524 ||| Stepping ~*~*~tactically~*~*~ (retreating).
 10525 | Lair:4   | 10525 ||| Stepping ~*~*~tactically~*~*~ (retreating).
 10526 | Lair:4   | 10526 ||| Stepping ~*~*~tactically~*~*~ (retreating).
 10527 | Lair:4   | 10527 ||| Stepping ~*~*~tactically~*~*~ (retreating).
 10531 | Lair:4   | 10531 ||| INVOKING Heroism.
 10535 | Lair:4   | Reached skill level 9 in Invocations
 10535 | Lair:4   | Reached XP level 13. HP: 54/84 MP: 16/19
 10639 | Lair:5   | 10639 ||| STAIRDANCE
 10676 | Lair:5   | 10676 ||| RETREATING.
 10701 | Lair:5   | 10701 ||| INVOKING Heroism.
 10733 | Lair:5   | 10733 ||| RETREATING.
 10736 | Lair:5   | 10736 ||| INVOKING Heroism.
 10740 | Lair:5   | 10740 ||| Stepping ~*~*~tactically~*~*~ (retreating).
 10789 | Lair:5   | 10789 ||| INVOKING Heroism.
 10797 | Lair:5   | 10797 ||| INVOKING Finesse.
 10836 | Lair:5   | Noticed a dire elephant
 10847 | Lair:5   | 10847 ||| RETREATING.
 10849 | Lair:5   | Killed a dire elephant
 10860 | Lair:5   | 10860 ||| INVOKING Heroism.
 11009 | Lair:5   | Identified the +3 long sword of Action {speed, rN+}
 11011 | Lair:5   | 11011 ||| INVOKING Heroism.
 11015 | Lair:5   | Received a gift from Okawaru
 11025 | Lair:5   | 11025 ||| DROPPING +3 orcbow of freezing.
 11032 | Lair:5   | 11032 ||| RETREATING.
 11037 | Lair:5   | 11037 ||| INVOKING Heroism.
 11063 | Lair:5   | 11063 ||| INVOKING Finesse.
 11076 | Lair:5   | Reached skill level 12 in Fighting
 11099 | Lair:5   | 11099 ||| INVOKING Heroism.
 11178 | Lair:5   | 11178 ||| RETREATING.
 11245 | Lair:5   | 11245 ||| RETREATING.
 11351 | Lair:5   | 11351 ||| Stepping ~*~*~tactically~*~*~ (retreating).
 11352 | Lair:5   | 11352 ||| Stepping ~*~*~tactically~*~*~ (retreating).
 11353 | Lair:5   | 11353 ||| Stepping ~*~*~tactically~*~*~ (retreating).
 11354 | Lair:5   | 11354 ||| Stepping ~*~*~tactically~*~*~ (retreating).
 11358 | Lair:5   | 11358 ||| INVOKING Heroism.
 11630 | Lair:5   | Reached skill level 9 in Armour
 11632 | Lair:5   | Found a burning altar of Makhleb.
 11635 | Lair:5   | 11635 ||| INVOKING Heroism.
 11636 | Lair:5   | 11636 ||| INVOKING Finesse.
 11664 | Lair:5   | 11664 ||| INVOKING Finesse.
 11688 | Lair:5   | 11688 ||| Stepping ~*~*~tactically~*~*~ (retreating).
 11689 | Lair:5   | 11689 ||| Stepping ~*~*~tactically~*~*~ (retreating).
 11690 | Lair:5   | 11690 ||| Stepping ~*~*~tactically~*~*~ (retreating).
 11693 | Lair:5   | 11693 ||| Stepping ~*~*~tactically~*~*~ (retreating).
 11711 | Lair:5   | 11711 ||| UPGRADING to +2 pair of gloves.
 11742 | Lair:5   | 11742 ||| DROPPING +0 pair of gloves.
 11751 | Lair:5   | Gained mutation: Your large and strong wings let you fly.
                  | [Gargoyle growth]
 11751 | Lair:5   | Reached XP level 14. HP: 92/92 MP: 21/21
 11751 | Lair:5   | 11751 ||| SWAPPING to +8 antimagic arbalest.
 11752 | Lair:5   | 11752 ||| DROPPING +3 orcbow of freezing.
 11756 | Lair:5   | Found a gateway to Hell.
 12104 | Lair:5   | 12104 ||| PLANNING D:1-11
 12104 | Lair:5   | 12104 ||| DRINKING 3 fuming blue potions.
 12507 | D:10     | Entered Level 10 of the Dungeon
 12625 | D:10     | 12625 ||| Stepping ~*~*~tactically~*~*~ (outnumbered).
 12657 | D:10     | Found a staircase to the Orcish Mines.
 12750 | D:10     | Identified the +1 pair of gloves of Linucy {Rampage rElec}
                  | (Okawaru gifted it to you on level 10 of the Dungeon)
 12750 | D:10     | Received a gift from Okawaru
 12770 | D:10     | Found a sacrificial altar of Ru.
 13087 | D:10     | 13087 ||| FLEEEEING.
 13088 | D:10     | 13088 ||| FLEEEEING.
 13313 | D:10     | 13313 ||| DROPPING +1 pair of gloves of Linucy {Rampage
                  | rElec}.
 13351 | D:11     | 13351 ||| PLANNING GAUNTLET
 13370 | D:11     | 13370 ||| INVOKING Heroism.
 13433 | D:11     | 13433 ||| Stepping ~*~*~tactically~*~*~ (outnumbered).
 13435 | D:11     | 13435 ||| Stepping ~*~*~tactically~*~*~ (outnumbered).
 13436 | D:11     | 13436 ||| Stepping ~*~*~tactically~*~*~ (outnumbered).
 13439 | D:11     | 13439 ||| Stepping ~*~*~tactically~*~*~ (outnumbered).
 13440 | D:11     | 13440 ||| Stepping ~*~*~tactically~*~*~ (outnumbered).
 13441 | D:11     | 13441 ||| Stepping ~*~*~tactically~*~*~ (outnumbered).
 13442 | D:11     | 13442 ||| Stepping ~*~*~tactically~*~*~ (outnumbered).
 13443 | D:11     | 13443 ||| Stepping ~*~*~tactically~*~*~ (outnumbered).
 13444 | D:11     | 13444 ||| Stepping ~*~*~tactically~*~*~ (outnumbered).
 13501 | D:11     | Found a gate leading to a gauntlet.
 13509 | Gauntlet | Entered a Gauntlet
 13509 | Gauntlet | Found a transporter.
 13509 | Gauntlet | Found a transporter.
 13510 | Gauntlet | Found a transporter.
 13513 | Gauntlet | Found a transporter.
 13513 | Gauntlet | Found a transporter.
 13514 | Gauntlet | Found a transporter.
 13523 | Gauntlet | Found a transporter.
 13523 | Gauntlet | Noticed a quicksilver ooze
 13527 | Gauntlet | Found a transporter.
 13529 | Gauntlet | Found a large runed translucent door.
 13530 | Gauntlet | Found a large runed translucent door.
 13531 | Gauntlet | Found a large runed translucent door.
 13531 | Gauntlet | Found a large runed translucent door.
 13531 | Gauntlet | Found a runed translucent door.
 13531 | Gauntlet | Found a runed translucent door.
 13532 | Gauntlet | Found a large runed translucent door.
 13533 | Gauntlet | Found a large runed translucent door.
 13534 | Gauntlet | Found a large runed translucent door.
 13534 | Gauntlet | Found a large runed translucent door.
 13535 | Gauntlet | Found a runed translucent gate.
 13535 | Gauntlet | Found a runed translucent gate.
 13535 | Gauntlet | Found a runed translucent gate.
 13537 | Gauntlet | Found a transporter.
 13548 | Gauntlet | Found a transporter.
 13566 | Gauntlet | Found a transporter.
 13570 | Gauntlet | Found a transporter.
 13649 | Gauntlet | Found a large runed translucent door.
 13650 | Gauntlet | Found a large runed translucent door.
 13651 | Gauntlet | Found a large runed translucent door.
 13651 | Gauntlet | Found a large runed translucent door.
 13652 | Gauntlet | Found a large runed translucent door.
 13653 | Gauntlet | Found a large runed translucent door.
 13654 | Gauntlet | Found a large runed translucent door.
 13654 | Gauntlet | Found a large runed translucent door.
 13775 | Gauntlet | 13775 ||| INVOKING Heroism.
 13778 | Gauntlet | Killed a quicksilver ooze
 13802 | Gauntlet | Identified the +0 hat of Precision Catastrophes {Regen+
                  | Slay+2}
 13804 | Gauntlet | 13804 ||| UPGRADING to +0 hat of Precision Catastrophes
                  | {Regen+ Slay+2}.
 13814 | Gauntlet | 13814 ||| DROPPING +0 helmet.
 13815 | Gauntlet | 13815 ||| READING scroll labelled JYATEUGU YFRO.
 13828 | Gauntlet | 13828 ||| RETREATING.
 13829 | Gauntlet | 13829 ||| Stepping ~*~*~tactically~*~*~ (retreating).
 13830 | Gauntlet | 13830 ||| Stepping ~*~*~tactically~*~*~ (retreating).
 13831 | Gauntlet | 13831 ||| INVOKING Heroism.
 13844 | Gauntlet | Reached skill level 17 in Ranged Weapons
 13845 | Gauntlet | 13845 ||| Stepping ~*~*~tactically~*~*~ (retreating).
 13877 | Gauntlet | Identified the +3 scale mail "Vedwa" {rElec Str-3 Int+2}
 13878 | Gauntlet | 13878 ||| UPGRADING to scarf of resistance.
 13926 | Gauntlet | Found the +13 scythe of Curses {drain, curses, Drain}
 13926 | Gauntlet | Identified the +9 dagger "Vaplinot" {antimagic, *Corrode
                  | rPois rN+++ SInv}
 13927 | Gauntlet | 13927 ||| INVOKING Heroism.
 13928 | Gauntlet | 13928 ||| INVOKING Finesse.
 14004 | Gauntlet | Identified the staff "Qeofoets" {+Blink rC+ Ice}
 14006 | Gauntlet | 14006 ||| READING scroll of brand weapon.
 14006 | Gauntlet | 14006 ||| BRANDING +8 antimagic arbalest.
 14119 | Gauntlet | 14119 ||| UPGRADING to +6 ring of dexterity.
 14121 | Gauntlet | 14121 ||| DROPPING +6 ring of strength.
 14134 | D:11     | 14134 ||| PLANNING D:1-11
 14311 | D:11     | 14311 ||| INVOKING Heroism.
 14381 | D:11     | 14381 ||| Stepping randomly (disturbance).
 14557 | D:11     | 14557 ||| PLANNING D
 14902 | D:12     | Found the +7 Kryia's mail coat {PotionHeal*2 rC+}
 15243 | D:12     | 15243 ||| DROPPING +0 steam dragon scales.
 15244 | D:12     | 15244 ||| DROPPING +2 robe of willpower.
 15245 | D:12     | 15245 ||| UPGRADING to +0 troll leather armour.
 15255 | D:12     | 15255 ||| DROPPING +0 acid dragon scales.
 15280 | D:13     | 15280 ||| INVOKING Heroism.
 15287 | D:13     | Reached skill level 18 in Ranged Weapons
 15460 | D:13     | Reached skill level 9 in Dodging
 15475 | D:13     | Found a gate to the Vaults.
 15475 | D:13     | Noticed an ironbound preserver
 15476 | D:13     | 15476 ||| Stepping ~*~*~tactically~*~*~ (outnumbered).
 15478 | D:13     | 15478 ||| Stepping ~*~*~tactically~*~*~ (outnumbered).
 15486 | D:13     | Killed an ironbound preserver
 15928 | D:14     | You are sucked into a shaft and drop 1 floor!
 15928 | D:15     | Entered Level 15 of the Dungeon
 15961 | D:15     | 15961 ||| Stepping ~*~*~tactically~*~*~ (retreating).
 15962 | D:15     | 15962 ||| Stepping ~*~*~tactically~*~*~ (retreating).
 15967 | D:15     | Reached XP level 15. HP: 98/98 MP: 22/22
 15972 | D:15     | Found a staircase to the Depths.
 15973 | D:15     | 15973 ||| INVOKING Heroism.
 15976 | D:15     | 15976 ||| Stepping ~*~*~tactically~*~*~ (retreating).
 15999 | D:15     | 15999 ||| INVOKING Heroism.
 16077 | D:15     | 16077 ||| INVOKING Heroism.
 16236 | D:15     | Noticed Louise
 16237 | D:15     | 16237 ||| INVOKING Heroism.
 16238 | D:15     | 16238 ||| INVOKING Finesse.
 16245 | D:15     | Killed Louise
 16288 | D:14     | Identified the +0 helmet of the Nexus {rC+ rN+} (Okawaru
                  | gifted it to you on level 14 of the Dungeon)
 16288 | D:14     | Received a gift from Okawaru
 16317 | D:14     | 16317 ||| READING 3 scrolls of enchant weapon.
 16317 | D:14     | 16317 ||| ENCHANTING +8 arbalest of electrocution.
 16384 | D:14     | Identified the +4 dagger "Urioqaut" {pain, Fragile rCorr
                  | Int+5}
 16452 | D:14     | 16452 ||| RETREATING.
 16809 | D:14     | 16809 ||| Stepping ~*~*~tactically~*~*~ (outnumbered).
 16860 | D:14     | Noticed Roxanne
 16861 | D:14     | 16861 ||| INVOKING Heroism.
 16862 | D:14     | 16862 ||| INVOKING Finesse.
 16875 | D:14     | Killed Roxanne
 17187 | D:14     | 17187 ||| Stepping ~*~*~tactically~*~*~ (outnumbered).
 17190 | D:14     | 17190 ||| Stepping ~*~*~tactically~*~*~ (outnumbered).
 17291 | D:14     | Found a runed translucent door.
 17292 | D:14     | Found a shimmering altar of Xom.
 17292 | D:14     | Noticed qw's ghost (journeyman GrHu)
 17293 | D:14     | Identified the +5 quarterstaff "Gargoyle's Peril" {chaos,
                  | rF+ rC+++ Str+5}
 17327 | D:14     | Found a faded altar of an unknown god.
 17327 | D:14     | Found a hazy altar of Hepliaklqana.
 17327 | D:14     | Found a faded altar of an unknown god.
 17331 | D:14     | 17331 ||| INVOKING Heroism.
 17387 | D:14     | 17387 ||| DROPPING +0 helmet of the Nexus {rC+ rN+}.
 17388 | D:14     | 17388 ||| READING 5 scrolls of identify.
 17388 | D:14     | 17388 ||| IDENTIFYING red potion
 17442 | D:15     | Found Kimeixippi's Antique Armour Emporium.
 17452 | D:15     | 17452 ||| BUYING agate-encrusted leather armour (196 gold).
 17452 | D:15     | Bought an agate-encrusted leather armour for 196 gold
                  | pieces
 17452 | D:15     | Identified the +2 leather armour of Jacloedi {Harm rElec
                  | rPois} (You bought it in a shop on level 15 of the Dungeon)
 17452 | D:15     | 17452 ||| BUYING pair of runed boots (210 gold).
 17452 | D:15     | Bought a pair of runed boots for 210 gold pieces
 17452 | D:15     | 17452 ||| BUYING runed ring mail (196 gold).
 17452 | D:15     | Bought a runed ring mail for 196 gold pieces
 17849 | D:15     | 17849 ||| FLEEEEING.
 17851 | D:15     | 17851 ||| FLEEEEING.
 17852 | D:15     | 17852 ||| FLEEEEING.
 17853 | D:15     | 17853 ||| FLEEEEING.
 17854 | D:15     | 17854 ||| FLEEEEING.
 17855 | D:15     | 17855 ||| FLEEEEING.
 17856 | D:15     | 17856 ||| FLEEEEING.
 17862 | D:15     | 17862 ||| FLEEEEING.
 17863 | D:15     | 17863 ||| FLEEEEING.
 17875 | D:15     | 17875 ||| FLEEEEING.
 17877 | D:15     | 17877 ||| FLEEEEING.
 17878 | D:15     | 17878 ||| FLEEEEING.
 17879 | D:15     | 17879 ||| FLEEEEING.
 17880 | D:15     | 17880 ||| RETREATING.
 17881 | D:15     | 17881 ||| Stepping ~*~*~tactically~*~*~ (retreating).
 17882 | D:15     | 17882 ||| Stepping ~*~*~tactically~*~*~ (retreating).
 17883 | D:15     | 17883 ||| Stepping ~*~*~tactically~*~*~ (retreating).
 17884 | D:15     | 17884 ||| Stepping ~*~*~tactically~*~*~ (retreating).
 17885 | D:15     | 17885 ||| Stepping ~*~*~tactically~*~*~ (retreating).
 17886 | D:15     | 17886 ||| Stepping ~*~*~tactically~*~*~ (retreating).
 17887 | D:15     | 17887 ||| Stepping ~*~*~tactically~*~*~ (retreating).
 17933 | D:15     | Found a blossoming altar of Fedhas.
 17949 | D:15     | 17949 ||| PLANNING ORC
 17949 | D:15     | 17949 ||| DROPPING +2 leather armour of Jacloedi {Harm
                  | rElec rPois}.
 17950 | D:15     | 17950 ||| DROPPING +2 pair of boots.
 17951 | D:15     | 17951 ||| DROPPING amulet of guardian spirit.
 18089 | Orc:1    | Entered Level 1 of the Orcish Mines
 18090 | Orc:1    | 18090 ||| Stepping ~*~*~tactically~*~*~ (outnumbered).
 18091 | Orc:1    | 18091 ||| RETREATING.
 18093 | Orc:1    | 18093 ||| Stepping ~*~*~tactically~*~*~ (retreating).
 18094 | Orc:1    | 18094 ||| Stepping ~*~*~tactically~*~*~ (retreating).
 18095 | Orc:1    | 18095 ||| Stepping ~*~*~tactically~*~*~ (retreating).
 18096 | Orc:1    | 18096 ||| Stepping ~*~*~tactically~*~*~ (retreating).
 18097 | Orc:1    | 18097 ||| Stepping ~*~*~tactically~*~*~ (outnumbered).
 18098 | Orc:1    | 18098 ||| Stepping ~*~*~tactically~*~*~ (outnumbered).
 18099 | Orc:1    | 18099 ||| INVOKING Heroism.
 18100 | Orc:1    | Noticed an orc warlord
 18101 | Orc:1    | 18101 ||| Stepping ~*~*~tactically~*~*~ (outnumbered).
 18102 | Orc:1    | 18102 ||| Stepping ~*~*~tactically~*~*~ (outnumbered).
 18103 | Orc:1    | 18103 ||| INVOKING Finesse.
 18119 | Orc:1    | 18119 ||| Stepping ~*~*~tactically~*~*~ (outnumbered).
 18123 | Orc:1    | 18123 ||| Stepping ~*~*~tactically~*~*~ (outnumbered).
 18126 | Orc:1    | 18126 ||| Stepping ~*~*~tactically~*~*~ (outnumbered).
 18133 | Orc:1    | Killed an orc warlord
 18136 | Orc:1    | 18136 ||| Stepping ~*~*~tactically~*~*~ (outnumbered).
 18176 | Orc:1    | 18176 ||| Stepping ~*~*~tactically~*~*~ (outnumbered).
 18184 | Orc:1    | 18184 ||| Stepping ~*~*~tactically~*~*~ (retreating).
 18185 | Orc:1    | 18185 ||| INVOKING Heroism.
 18187 | Orc:1    | Noticed an orc warlord
 18187 | Orc:1    | 18187 ||| INVOKING Finesse.
 18193 | Orc:1    | Noticed Snorg
 18201 | Orc:1    | 18201 ||| Stepping ~*~*~tactically~*~*~ (retreating).
 18202 | Orc:1    | 18202 ||| Stepping ~*~*~tactically~*~*~ (retreating).
 18203 | Orc:1    | 18203 ||| Stepping ~*~*~tactically~*~*~ (retreating).
 18204 | Orc:1    | 18204 ||| Stepping ~*~*~tactically~*~*~ (retreating).
 18205 | Orc:1    | 18205 ||| Stepping ~*~*~tactically~*~*~ (retreating).
 18207 | Orc:1    | 18207 ||| Stepping ~*~*~tactically~*~*~ (retreating).
 18208 | Orc:1    | 18208 ||| Stepping ~*~*~tactically~*~*~ (retreating).
 18214 | Orc:1    | Killed an orc warlord
 18216 | Orc:1    | HP: 19/101 [Snorg (18)]
 18217 | Orc:1    | 18217 ||| READING 4 scrolls of teleportation.
 18218 | Orc:1    | 18218 ||| DRINKING 6 potions of heal wounds.
 18228 | Orc:1    | 18228 ||| Stepping ~*~*~tactically~*~*~ (outnumbered).
 18231 | Orc:1    | 18231 ||| Stepping ~*~*~tactically~*~*~ (outnumbered).
 18232 | Orc:1    | 18232 ||| Stepping ~*~*~tactically~*~*~ (outnumbered).
 18258 | Orc:1    | 18258 ||| INVOKING Heroism.
 18260 | Orc:1    | 18260 ||| Stepping ~*~*~tactically~*~*~ (outnumbered).
 18261 | Orc:1    | 18261 ||| Stepping ~*~*~tactically~*~*~ (outnumbered).
 18281 | Orc:1    | 18281 ||| Stepping ~*~*~tactically~*~*~ (retreating).
 18282 | Orc:1    | 18282 ||| Stepping ~*~*~tactically~*~*~ (retreating).
 18283 | Orc:1    | 18283 ||| Stepping ~*~*~tactically~*~*~ (retreating).
 18284 | Orc:1    | 18284 ||| Stepping ~*~*~tactically~*~*~ (retreating).
 18285 | Orc:1    | 18285 ||| Stepping ~*~*~tactically~*~*~ (retreating).
 18286 | Orc:1    | 18286 ||| STAIRDANCE
 18291 | Orc:1    | 18291 ||| STAIRDANCE
 18291 | Orc:1    | Noticed Jorgrun
 18295 | D:10     | Killed Snorg
 18298 | D:10     | Reached skill level 15 in Fighting
 18305 | Orc:1    | 18305 ||| STAIRDANCE
 18314 | Orc:1    | 18314 ||| INVOKING Heroism.
 18321 | Orc:1    | Killed Jorgrun
 18404 | Orc:1    | Found a frozen archway.
 18434 | Orc:1    | Found Ciler's Jewellery Boutique.
 18540 | Orc:1    | Identified the +1 robe of Gunneut {rElec rC- Dex+4
                  | Archmagi}
 18542 | Orc:1    | Identified the staff "Vufut" {rC+ Int+3 Ice}
 18547 | Orc:1    | Identified the +6 battleaxe of the Weak God {freeze, rF+
                  | Dex+3}
 18618 | Orc:2    | Entered Level 2 of the Orcish Mines
 18619 | Orc:2    | 18619 ||| RETREATING.
 18620 | Orc:2    | Found Ylabiv's Jewellery Boutique.
 18621 | Orc:2    | 18621 ||| Stepping ~*~*~tactically~*~*~ (retreating).
 18623 | Orc:2    | 18623 ||| Stepping ~*~*~tactically~*~*~ (outnumbered).
 18624 | Orc:2    | 18624 ||| INVOKING Heroism.
 18627 | Orc:2    | 18627 ||| Stepping ~*~*~tactically~*~*~ (retreating).
 18630 | Orc:2    | 18630 ||| Stepping ~*~*~tactically~*~*~ (retreating).
 18633 | Orc:2    | 18633 ||| Stepping ~*~*~tactically~*~*~ (outnumbered).
 18641 | Orc:2    | 18641 ||| Stepping ~*~*~tactically~*~*~ (retreating).
 18642 | Orc:2    | 18642 ||| Stepping ~*~*~tactically~*~*~ (retreating).
 18643 | Orc:2    | 18643 ||| Stepping ~*~*~tactically~*~*~ (retreating).
 18644 | Orc:2    | 18644 ||| Stepping ~*~*~tactically~*~*~ (retreating).
 18645 | Orc:2    | 18645 ||| Stepping ~*~*~tactically~*~*~ (retreating).
 18645 | Orc:2    | Found Qiulerr's Distillery.
 18646 | Orc:2    | 18646 ||| Stepping ~*~*~tactically~*~*~ (retreating).
 18647 | Orc:2    | 18647 ||| Stepping ~*~*~tactically~*~*~ (retreating).
 18657 | Orc:2    | 18657 ||| Stepping ~*~*~tactically~*~*~ (retreating).
 18658 | Orc:2    | 18658 ||| Stepping ~*~*~tactically~*~*~ (retreating).
 18659 | Orc:2    | 18659 ||| INVOKING Heroism.
 18681 | Orc:2    | Noticed an orc warlord
 18685 | Orc:2    | Reached XP level 16. HP: 102/109 MP: 23/23
 18690 | Orc:2    | 18690 ||| INVOKING Heroism.
 18690 | Orc:2    | Paralysed by an orc sorcerer for 3 turns
 18706 | Orc:2    | 18706 ||| INVOKING Heroism.
 18718 | Orc:2    | HP: 1/109 [orc warlord/+0 bardiche (40)]
 18718 | Orc:2    | Demolished by an orc warlord

Levels and vault maps discovered:
D:1:      dpeg_arrival_shelter, layout_basic
D:2:      layout_loops_cross, minmay_misc_feat_columns,
          kennysheep_generic_room_10, uniq_crazy_yiuf_cottage, uniq_robin
D:3:      minmay_recursive_quarters, layout_loops_ring, cheibriados_altar_1,
          nicolae_kite_square_tiling_tiny
D:4:      lemuel_castle_with_subvaults [lemuel_castle_interior_original],
          layout_rooms, chequers_temple_overflow_minitemple,
          corexii_corridor_pit, nicolae_shop_overcharged_wands
D:5:      layout_gridville, nicolae_wu_jian_wuxing_cycle, grunt_dithmenos_smoke,
          mainiacjoe_overflow_alcove_2, minmay_temple_entry_waves,
          uniq_prince_ribbit1
D:6:      layout_cave_pools, nicolae_gozag_zags_fifth_avenue,
          nicolae_vehumet_altar_sigil, serial_bayou_pond_b
D:7:      layout_loops_ring, enter_bailey_2, minivault_10, uniq_pikel
D:8:      layout_cave_pools, lemuel_doored_altar, lemuel_coloured_pillars_altar,
          nicolae_overflow_hidden_temple, uniq_grum
D:9:      layout_long_grid, hellmonk_lair_entry_icy, blue_anna_alchemist
D:10:     layout_stronghold, nicolae_ru_awakened_eye, erik_orc_3
D:11:     layout_small_grid, gauntlet_entry_generic
D:12:     layout_long_grid, minmay_fractal_squares_diagonal_5
D:13:     layout_roguey, skrybe_vaults_entry_preservation, grunt_decor_clamped
D:14:     layout_basic, ebering_ghost_xom,
          nicolae_hepliaklqana_ecumenical_no_more, uniq_roxanne
D:15:     gammafunk_depths_entry_grave, layout_basic, fedhas_altar_fruit_tree,
          serial_shops, shop, uniq_louise
Temple:   hellmonk_temple_of_storms
Lair:1:   layout_chaotic_city, gammafunk_ghost_necromancy
Lair:2:   layout_cave_pods, nicolae_spider_entry_non_spiders,
          dreamdust_gnoll_shepherd
Lair:3:   layout_cave_shapes, minmay_shoals_entry_lonely_mermaid,
          hangedman_lair_unloving_vines
Lair:4:   layout_gridlike, nicolae_slime_entry_slimehenge, beast_lair_carwin_11,
          lemuel_fruit_fields
Lair:5:   evil_forest, layout_small_grid
Orc:1:    layout_diamond_mine, serial_shops, shop, portal_ice_cave_entry_imps,
          minmay_orc_treasury, uniq_jorgrun, uniq_snorg
Orc:2:    grunt_orc_gardens, layout_diamond_mine, grunt_orc_garden,
          grunt_orc_garden, grunt_orc_garden, grunt_orc_garden, serial_shops,
          shop, nicolae_shop_back_alley_shop, nicolae_shop_hallway_stairs, shop,
          shop_statue

Skill      XL: |  1  2  3  4  5  6  7  8  9 10 11 12 13 14 15 |
---------------+----------------------------------------------+-----
Armour         | 1 2 3 4 6 7 9 |  9.1
Ranged Weapons | 5 6 13 14 15 16 18 | 18.0
Fighting       | 3 4 11 12 13 15 | 15.7
Dodging        | 2 3 4 6 8 9 11 | 11.3
Invocations    | 3 4 5 9 10 | 10.0
Stealth        | |  1.1

Action                     |  1- 3 |  4- 6 |  7- 9 | 10-12 | 13-15 | 16-18 || total
---------------------------+-------+-------+-------+-------+-------+-------++-------
   Fire: Shortbow          |   111 |   223 |   292 |    86 |       |       ||   712
         Orcbow            |       |       |       |   563 |   368 |       ||   931
         Arbalest          |       |       |       |       |   704 |    30 ||   734
 Invoke: Heroism           |       |       |     4 |    27 |    27 |     2 ||    60
         Finesse           |       |       |       |       |     9 |       ||     9
    Use: Scroll            |     1 |    12 |     5 |     9 |     5 |       ||    32
         Potion            |       |     5 |     3 |     3 |     2 |       ||    13
 Armour: Leather armour    |    11 |       |       |       |       |       ||    11
         Ring mail         |    12 |    45 |    73 |       |       |       ||   130
         Acid dragon scale |       |       |       |   280 |   120 |       ||   400
         Troll leather arm |       |       |       |       |   179 |    17 ||   196
  Dodge: Dodged            |    20 |    41 |    51 |   397 |   756 |    52 ||  1317
  Block: Other             |     3 |    25 |    19 |   114 |   161 |    12 ||   334
         Reflection        |       |       |     2 |     1 |    11 |       ||    14

Table legend:
 A = Non-vault XP
 B = Vault XP
 C = Vault XP percentage of total XP
 D = Non-vault monster count
 E = Vault monster count
 F = Vault count percentage of total count
                 A         B        C        D         E       F
            +---------+---------+-------+---------+---------+-------
      Total |   78464 |   53799 |  40.7 |     443 |     253 |  36.4
            +---------+---------+-------+---------+---------+-------
        D:1 |      34 |       0 |   0.0 |      22 |       0 |   0.0
        D:2 |      36 |      36 |  50.0 |      18 |      11 |  37.9
        D:3 |      47 |      17 |  26.6 |      17 |       7 |  29.2
        D:4 |     162 |     664 |  80.4 |      22 |      50 |  69.4
        D:5 |     244 |     264 |  52.0 |      15 |       1 |   6.2
        D:6 |     710 |     312 |  30.5 |      11 |       3 |  21.4
        D:7 |     523 |     641 |  55.1 |       5 |       1 |  16.7
        D:8 |    2674 |     653 |  19.6 |      25 |       5 |  16.7
        D:9 |    2321 |    1516 |  39.5 |      25 |       9 |  26.5
       D:10 |    4403 |    1764 |  28.6 |      21 |      18 |  46.2
       D:11 |    7043 |       0 |   0.0 |      22 |       0 |   0.0
       D:12 |    1834 |     747 |  28.9 |      10 |       2 |  16.7
       D:13 |    4850 |    5601 |  53.6 |      12 |       9 |  42.9
       D:14 |    8596 |    1316 |  13.3 |      31 |       1 |   3.1
       D:15 |    8860 |    6159 |  41.0 |      22 |       9 |  29.0
     Lair:1 |     933 |       0 |   0.0 |       5 |       0 |   0.0
     Lair:2 |    2083 |    1756 |  45.7 |       7 |      13 |  65.0
     Lair:3 |    7046 |     468 |   6.2 |      26 |       2 |   7.1
     Lair:4 |    9213 |    1449 |  13.6 |      33 |       7 |  17.5
     Lair:5 |   11410 |    9167 |  44.5 |      41 |      26 |  38.8
      Orc:1 |    2498 |   10281 |  80.5 |      33 |      50 |  60.2
      Orc:2 |    2944 |    5791 |  66.3 |      20 |      18 |  47.4
   Gauntlet |       0 |    5197 | 100.0 |       0 |      11 | 100.0
            +---------+---------+-------+---------+---------+-------
